 Dungeon Crawl Stone Soup version 0.29.0-15-g675c0067aa (webtiles) character file.

Game seed: 6099453762510584130

1550 Leibowitz the Covert (level 9, -5/52 HPs)
             Began as a Kobold Gladiator on Sept 9, 2022.
             Slain by a vampire mosquito (10 damage)
             ... on level 6 of the Dungeon on Sept 11, 2022.
             The game lasted 00:22:14 (6902 turns).

Leibowitz the Covert (Kobold Gladiator)             Turns: 6902, Time: 00:22:17

Health: -5/52      AC: 11    Str: 11 (12) XL:     9   Next: 12%
Magic:  6/9        EV: 17    Int:  8 (9)  God:
Gold:   350        SH:  0    Dex: 18 (20) Spells: 8/8 levels left

rFire   . . .      SeeInvis .   b - +2 short sword (drain)
rCold   . . .      Faith    .   (no shield)
rNeg    . . .      Spirit   .   v - +3 leather armour
rPois   .          Reflect  .   c - +0 helmet
rElec   .          Harm     .   s - +2 cloak {Stlth+}
rCorr   .          Rampage  .   j - +0 pair of gloves
Will    .....                   (no boots)
Stlth   ++++++....              e - amulet of regeneration
HPRegen 0.97/turn               (no ring)
MPRegen 0.11/turn               (no ring)

@: no status effects
A: small, no large weapons, nightstalker 3, mutation resistance 1, MP-powered
wands
a: no special abilities


You were on level 6 of the Dungeon.
You visited 1 branch of the dungeon, and saw 7 of its levels.
You also visited: Sewer.

You collected 350 gold pieces.

Inventory:

Hand Weapons
 a - a +1 dagger of venom
 b - a +2 short sword of draining (weapon)
Missiles
 d - 6 throwing nets (quivered)
 r - 10 poisoned darts
Armour
 c - a +0 helmet (worn)
 j - a +0 pair of gloves (worn)
 s - a +2 cloak of stealth (worn)
 v - a +3 leather armour (worn)
Jewellery
 e - an amulet of regeneration (around neck)
 n - an amulet of guardian spirit
Wands
 x - a wand of mindburst (22)
 A - a wand of paralysis (5)
 D - a wand of acid (8)
 E - a wand of flame (45)
 I - a wand of roots (8)
Scrolls
 f - 9 scrolls of identify {unknown}
 g - 2 scrolls of vulnerability {unknown}
 h - 2 scrolls of butterflies {unknown}
 m - a scroll of summoning {unknown}
 o - a scroll of fear {unknown}
 q - 4 scrolls of teleportation {unknown}
 t - 4 scrolls of blinking {unknown}
 y - a scroll of enchant armour {unknown}
 F - a scroll of immolation {unknown}
 G - a scroll of magic mapping {unknown}
Potions
 i - 2 potions of degeneration
 k - a potion of ambrosia {unknown}
 l - 2 potions of heal wounds {unknown}
 p - 4 potions of mutation
 u - 2 potions of curing {unknown}
 w - a potion of might {unknown}
 z - 3 potions of attraction {unknown}
 B - a potion of brilliance {unknown}
 C - a potion of berserk rage {unknown}
 H - 2 potions of cancellation {unknown}


   Skills:
 * Level 4.3 Fighting
 * Level 7.9 Short Blades
 - Level 2.1 Throwing
 * Level 3.0 Armour
 * Level 6.0 Dodging
 * Level 9.4 Stealth


You had 8 spell levels left.
You didn't know any spells.
Your spell library contained the following spells:

 Spells                   Type           Power      Damage    Failure   Level
 Ensorcelled Hibernation  Hex/Ice        0%         N/A       63%         2
 Confusing Touch          Hex            0%         N/A       86%         3
 Ignite Poison            Fire/Tmut/Pois 0%         N/A       86%         3
 Corpse Rot               Necr/Pois/Air  0%         N/A       99%         4
 Ice Form                 Ice/Tmut       0%         N/A       99%         4
 Petrify                  Tmut/Erth      0%         N/A       99%         4
 Chain Lightning          Conj/Air       0%         N/A       100%        9


Dungeon Overview and Level Annotations

Branches:
Dungeon (7/15)              Sewer (visited)
 Temple: D:4-7

Altars:
Ashenzari
Elyvilon
Ru
Vehumet
Xom
The Shining One

Shops:
D:5 ==[[

Annotations:
D:6 1 runed translucent door, DoubleLucky's ghost, novice DrFE


Innate Abilities, Weirdness & Mutations

You are small and have problems with some larger weapons.
You are completely attuned to the shadows.
You are somewhat resistant to further mutation.
You expend magic power (3 MP) to strengthen your wands.


Message History

You hit the vampire mosquito.
The vampire mosquito is almost destroyed.
The vampire mosquito misses you.
You miss the vampire mosquito.
The vampire mosquito is almost destroyed.
The vampire mosquito bites you but does no damage.
The vampire mosquito bites you.
* * * LOW HITPOINT WARNING * * *
The vampire mosquito draws strength from your injuries!
You miss the vampire mosquito.
The vampire mosquito is almost destroyed.
The vampire mosquito misses you.
It was a potion of degeneration.
There was something very wrong with that liquid.
You feel weakened.
You feel dopey.
You feel clumsy.
The vampire mosquito closely misses you.
The vampire mosquito bites you!
* * * LOW HITPOINT WARNING * * *
The vampire mosquito draws strength from your injuries!
It was a potion of mutation.
You feel extremely strange.
You feel genetically stable.
You feel your magical essence link to the dungeon's wands.
The vampire mosquito bites you.
* * * LOW HITPOINT WARNING * * *
The vampire mosquito draws strength from your injuries!
The vampire mosquito completely misses you.
Aiming: Corrosive Bolt
Press: ? - help, Shift-Dir - straight line, f - vampire mosquito
Aim: a vampire mosquito (heavily damaged, 53% to hit)
You feel a surge of power!
The bolt of acid hits the vampire mosquito!
The acid corrodes the vampire mosquito!
The vampire mosquito is severely damaged.
The bolt of acid misses the vampire mosquito.
The bolt of acid hits the vampire mosquito!
The vampire mosquito is heavily damaged.
The bolt of acid misses the gnoll.
The vampire mosquito closely misses you.
The vampire mosquito bites you!
You die...

#.# #.# ##.###...... ##.###
#.##### #.# ##... .....#
#.....# .# #... ##.#(#
#####.# #... #<#.# #.# #..
... ##.#.# ##.# #... ...
#..#.# ######..# ##.... #..
..##.###...[...####gg... ##.
................@yyyg.......
...
..##.###.###...####gg.......
##. .....# #.#.....#
##.......# #. ######
#.#.##.## #.....# #.
#.#.##.# #...# ## #......#
##+## ###.#### #.# #.# #.#
#.# ##.###


You could see 3 vampire mosquitoes, a gnoll sergeant and 4 gnolls.

Vanquished Creatures
  2 water moccasins
  An ice beast (D:6)
  An ogre (D:5)
  2 phantoms
  A gnoll sergeant (D:6)
  A scorpion (D:5)
  3 bullfrogs
  A wight (D:7)
  A howler monkey (D:5)
  A gnoll bouda (D:7)
  Crazy Yiuf (D:3)
  3 hounds
  Ijyb (D:4)
  An iguana (D:5)
  3 orc wizards
  8 gnolls
  13 adders
  A white imp (D:6)
  An ufetubus (D:5)
  2 dart slugs
  2 orcs
  16 endoplasms
  12 giant cockroaches
  7 goblins
  8 hobgoblins
  12 jackals
  10 quokkas
  16 ball pythons
  3 bats
  11 frilled lizards
  9 kobolds
  5 rats
159 creatures vanquished.

Vanquished Creatures (others)
  14 plants
14 creatures vanquished.

Grand Total: 173 creatures vanquished

Notes
Turn   | Place    | Note
-------+----------+-------------------------------------------
     0 | D:1      | Leibowitz the Kobold Gladiator began the quest for the Orb.
     0 | D:1      | Reached XP level 1. HP: 12/12 MP: 1/1
    57 | D:1      | Reached XP level 2. HP: 17/17 MP: 2/2
   486 | D:1      | Reached XP level 3. HP: 22/22 MP: 3/3
   505 | D:1      | Reached skill level 1 in Stealth
  1351 | D:2      | Reached XP level 4. HP: 27/27 MP: 4/4
  1487 | D:2      | Got the Exposition on the Fetching Mortuary
  1718 | D:2      | Reached skill level 1 in Armour
  1718 | D:2      | Reached skill level 2 in Stealth
  1725 | D:2      | Reached skill level 5 in Short Blades
  2584 | D:3      | Found a faded altar of an unknown god.
  2675 | D:3      | Found a glowing golden altar of the Shining One.
  2726 | D:3      | Reached XP level 5. HP: 31/31 MP: 5/5
  3034 | D:3      | Found a runed translucent door.
  3037 | D:3      | Noticed Crazy Yiuf
  3047 | D:3      | Killed Crazy Yiuf
  3096 | D:3      | Reached skill level 3 in Stealth
  3317 | D:3      | Upgraded the game from 0.29.0-13-gc9e81de378 to
                  | 0.29.0-15-g675c0067aa
  3349 | D:3      | Found a white marble altar of Elyvilon.
  3612 | D:4      | Noticed a bullfrog
  3623 | D:4      | Killed a bullfrog
  3624 | D:4      | Reached XP level 6. HP: 35/36 MP: 6/6
  3940 | D:4      | Found a glowing drain.
  3946 | D:4      | Reached skill level 4 in Stealth
  3961 | Sewer    | Entered a sewer
  4201 | Sewer    | Reached XP level 7. HP: 41/41 MP: 7/7
  4233 | Sewer    | Reached skill level 5 in Stealth
  4253 | Sewer    | Got the Anthology of Transmogrification and Hurting
  4493 | D:4      | Reached skill level 5 in Dodging
  4493 | D:4      | Reached skill level 6 in Stealth
  4912 | D:4      | Noticed Ijyb
  4916 | D:4      | Killed Ijyb
  5161 | D:5      | Entered Level 5 of the Dungeon
  5199 | D:5      | Found Noblob's Jewellery Boutique.
  5220 | D:5      | Reached XP level 8. HP: 48/48 MP: 8/8
  5233 | D:5      | Found Duvoa's Jewellery Boutique.
  5286 | D:5      | Found Kiat's Armour Shop.
  5402 | D:5      | You fall into a shaft and drop 2 floors!
  5432 | D:7      | Found a sacrificial altar of Ru.
  5453 | D:7      | Reached skill level 7 in Stealth
  5688 | D:6      | Reached skill level 8 in Stealth
  5736 | D:6      | Found a runed translucent door.
  5737 | D:6      | Found a shimmering altar of Xom.
  5737 | D:6      | Noticed DoubleLucky's ghost (novice DrFE)
  5738 | D:6      | Noticed a +0 trident of chaos
  6322 | D:5      | Found a radiant altar of Vehumet.
  6413 | D:5      | Reached skill level 9 in Stealth
  6413 | D:5      | Reached XP level 9. HP: 52/52 MP: 9/9
  6441 | D:5      | Found a broken altar of Ashenzari.
  6524 | D:5      | Found Naeri's Antique Armour Shoppe.
  6901 | D:6      | Gained mutation: You are somewhat resistant to further
                  | mutation. [potion of mutation]
  6901 | D:6      | Gained mutation: You expend magic power (3 MP) to
                  | strengthen your wands. [potion of mutation]
  6902 | D:6      | Slain by a vampire mosquito

Illustrated notes

Levels and vault maps discovered:
D:1:      saegor_arrival_simple_c, layout_rooms, minmay_tromino_v4_a
D:2:      layout_basic, st_stairs_2, grunt_ministairs_3,
          amcnicky_mini_pool_small, chequers_big_river, minmay_fountain_box,
          nicolae_concentric_dashed_squares_wild, chequers_serial_rivers_room_b
D:3:      layout_basic, mainiacjoe_overflow_tiny_flanked, tso_metal_star,
          shapermc_ecumenical_altar_venn, uniq_crazy_yiuf_cottage
D:4:      corexii_shack_village, layout_basic, gup_sewer_entry_glass,
          chequers_serial_rivers_micro_e, uniq_ijyb
D:5:      layout_loops_ring, marbit_many_paths, cheibrodos_ashenzari_chains,
          serial_shops, nicolae_shop_crystal, shop_statue, shop, shop
D:6:      layout_loops_corners, nicolae_overflow_squiral, temple_hall,
          ebering_ghost_xom
D:7:      layout_rooms, nicolae_ru_great_annihilating_truth,
          lightli_corner_chamber, uniq_pikel, uniq_maggie, uniq_menkaure,
          uniq_joseph

Skill      XL: |  1  2  3  4  5  6  7  8  9 |
---------------+----------------------------+-----
Dodging        | 4 5 6 |  6.0
Stealth        | 1 2 3 4 6 9 |  9.4
Armour         | 1 2 3 |  3.0
Short Blades   | 5 6 7 |  7.9
Fighting       | 3 4 |  4.3
Throwing       | |  2.1

Action                   |  1- 3 |  4- 6 |  7- 9 || total
-------------------------+-------+-------+-------++-------
Melee: Rapier            |    90 |   131 |       ||   221
       Dagger            |       |    92 |   195 ||   287
       Punch             |       |     1 |     1 ||     2
       Short sword       |       |       |    15 ||    15
Throw: Throwing net      |       |     1 |       ||     1
Evoke: Wand              |       |       |     1 ||     1
  Use: Potion            |       |       |     2 ||     2
 Stab: Sleeping          |    14 |    25 |    25 ||    64
       Distracted        |       |     1 |     1 ||     2
       Held in net/web   |       |     1 |       ||     1
Armor: Leather armour    |    25 |    73 |    45 ||   143
Dodge: Dodged            |    74 |   155 |   131 ||   360
